[Event "Fall GM-A Norm Invitational 2022"]
[Site "Charlotte"]
[Date "2022.11.21"]
[Round "7"]
[White "Cordova, Emilio"]
[Black "Mardov, Dimitar"]
[Result "1/2-1/2"]
[ECO "A06"]
[WhiteElo "2561"]
[BlackElo "2432"]
[Annotator "TA"]
[PlyCount "58"]
[EventDate "2022.11.18"]
[EventType "tourn"]
[EventCountry "USA"]
[SourceTitle "playchess.com"]
[Source "ChessBase"]
[SourceQuality "1"]
[TimeControl "5400+30"]

1. Nf3 d5 2. e3 Nf6 3. c4 e6 4. Nc3 b6 5. b3 Bb7 6. Bb2 Be7 7. d4 O-O 8. Bd3 c5 9. O-O cxd4 10. exd4 Nc6 11. Rc1 Nb4 {[%emt 0:01:50] E14: Queen's Indian: Classical Variation (4 e3).} 12. Bb1 dxc4 13. bxc4 Bxf3 {[%emt 0:08:03] Black is slightly better.} 14. Qxf3 {[%emt 1:02:59][%cal Od4d5] [#] Hoping for d5!} Qxd4 15. a3 {[%emt 0:01:36] Black must now prevent Rfd1.} Na6 $1 {[%emt 0:20:54] [#]} 16. Rcd1 $146 ({Predecessor:} 16. Qb7 Bd6 17. Nd1 Nc5 18. Qf3 Qg4 19. Qc6 Rad8 20. Ne3 Qh5 21. h3 Be5 22. Bxe5 Qxe5 {½-½ (60) Wageih,K (2362)-Amin,A (2277) Egypt 2012}) 16... Qh4 17. g3 Qxc4 18. Bd3 Qc8 19. Ne4 Nxe4 (19... Nd5 $1 $15) 20. Bxe4 $11 {[%emt 0:00:06] [#] Threatens to win with Bb7. A strong pair of Bishops.} Rb8 {[%emt 0:01:04] Inhibits Bb7.} 21. Be5 $132 {[%emt 0:01:02][%mdl 2048] White puts up resistance} Nc5 22. Bxb8 Qxb8 23. Bb1 g6 24. h4 h5 25. Rfe1 Kg7 26. Rd4 Bf6 27. Rc4 Qe8 28. a4 Qe7 29. Rd1 Rd8 {[%emt 0:01:45] Weighted Error Value: White=0.07 (flawless) /Black=0.06 (flawless)} 1/2-1/2

[Event "Fall GM-A Norm Invitational 2022"]
[Site "Charlotte"]
[Date "2022.11.21"]
[Round "7"]
[White "Stremavicius, Titas"]
[Black "Kaliksteyn, Alexander"]
[Result "1/2-1/2"]
[ECO "D31"]
[WhiteElo "2527"]
[BlackElo "2389"]
[Annotator "TA"]
[PlyCount "55"]
[EventDate "2022.11.18"]
[EventType "tourn"]
[EventCountry "USA"]
[SourceTitle "playchess.com"]
[Source "ChessBase"]
[SourceQuality "1"]
[TimeControl "5400+30"]

1. c4 e6 2. Nc3 d5 3. d4 c6 4. e4 dxe4 5. Nxe4 Bb4+ 6. Bd2 Qxd4 7. Bxb4 Qxe4+ 8. Be2 Na6 9. Bd6 {[%emt 0:00:07] The position is equal.} Qxg2 {[%emt 0:01:08] D31: Queen's Gambit Declined: Semi-Slav without ...Nf6 (+ Marshall Gambit and Noteboom) and Exchange Variation lines without ...Nf6.} 10. Qd2 Nf6 (10... Qxh1 $2 11. O-O-O Qe4 {[#]} 12. Be7 $1 $18 ) 11. Bf3 Qg6 {[%emt 0:00:07] White must now prevent ...Ne4.} 12. O-O-O e5 (12... Ne4 $2 13. Bxe4 Qf6 14. Nf3 $18) 13. Bxe5 {[%emt 0:00:08][%csl Gd1][%cal Rd2d8] This pair of bishops is nice.} Be6 14. Ne2 {[%emt 0:00:13][%cal Bg1e2,Be2c3,Bc3e4,Be4d6][%mdl 32] Threatens to win with Rhe1.} Qf5 15. Bf4 Qc5 16. Nc3 Qxc4 {[%emt 0:01:37] And now ...Nb4 would win.} 17. Be2 Qb4 18. Bxa6 bxa6 19. Bd6 Qb7 20. Bc5 {[%emt 0:00:20] aiming for Qg5.} Nd5 21. Ne4 {[%emt 0:00:13] Hoping for Nd6+.} O-O-O $1 22. Nd6+ $1 Rxd6 $1 23. Bxd6 Rd8 24. Ba3 Bg4 25. Rde1 Bf5 {[%emt 0:00:45] [#]} 26. Rd1 $146 ({Predecessor:} 26. Re5 Bg6 27. Qd4 f6 28. Re2 Qc7 29. Rd2 Re8 30. b3 Kb7 31. f3 Re3 32. Rf1 Qc8 33. Kb2 Qh3 34. Rc1 {1-0 (62) Yoo,C (2548)-Burke,J (2579) Saint Louis 2022}) 26... Bg4 27. Rde1 Bf5 28. Rd1 {[%emt 0:00:05] A balanced but interesting game.   Weighted Error Value: White=0.00 (flawless) /Black=0.00 (flawless)} 1/2-1/2

[Event "Fall GM-A Norm Invitational 2022"]
[Site "Charlotte"]
[Date "2022.11.21"]
[Round "7"]
[White "Fus, Jakub"]
[Black "Preotu, Razvan"]
[Result "1-0"]
[ECO "A48"]
[WhiteElo "2427"]
[BlackElo "2493"]
[Annotator "TA"]
[PlyCount "167"]
[EventDate "2022.11.18"]
[EventType "tourn"]
[EventCountry "USA"]
[SourceTitle "playchess.com"]
[Source "ChessBase"]
[SourceQuality "1"]
[TimeControl "5400+30"]

1. d4 Nf6 2. Nf3 g6 3. Nbd2 d5 4. e3 Bg7 5. b4 a5 6. b5 {[%emt 0:00:41] D02: 1 d4 d5 2 Nf3 sidelines, including 2...Nf6 3 g3 and 2...Nf6 3 Bf4.} c5 7. bxc6 Nxc6 {[%emt 0:00:14] 7...Nxc6 scores better than 7...bxc6.} 8. Be2 {[%emt 0:00:59] The position is equal.} O-O 9. O-O Bf5 10. c4 Rb8 {[%emt 0:13:48] [#]} 11. Bb2 $146 ({Predecessor:} 11. a4 dxc4 12. Bxc4 Nd5 13. Bb2 Nb6 14. Bb3 Nb4 15. e4 Bd7 16. Ne5 Be8 17. Ndf3 {½-½ (38) Salinas Herrera,P (2514)-Theodorou,N (2566) Philadelphia 2021}) 11... dxc4 12. Nxc4 b5 13. Nce5 Na7 14. a4 b4 15. Bc4 Ne4 16. Qe2 Rb6 17. Rac1 Be6 18. Bd3 Bd5 19. Nc4 (19. Bxe4 $14 Bxe4 20. Rc5) 19... Rb8 20. Nfe5 Rc8 21. f3 Nd6 22. Nxd6 (22. Nd2 $11) 22... exd6 23. Nc4 Nc6 24. Qf2 f5 25. Rfe1 Kh8 26. Kh1 Bg8 27. Bf1 Ne7 28. Qg3 Rc6 29. Nd2 Rxc1 30. Rxc1 Nd5 31. e4 (31. Qe1 $17) 31... Bh6 $19 32. Qe1 fxe4 33. fxe4 Nc3 34. Ra1 $2 (34. d5 $17 {was forced.}) 34... d5 {[%emt 0:03:14] Hoping for ...dxe4.} 35. Bd3 Bxd2 36. Qxd2 dxe4 37. Bc2 Qf6 38. h3 Bd5 39. Bxc3 bxc3 (39... Qe7 $17 40. Re1 (40. Bb2 $2 e3 $19) 40... bxc3) 40. Qxc3 $15 Qf2 {[%emt 0:00:09] ( -> ...e3)} (40... Re8 $5 41. Qxa5 Ba8 $11) 41. Qxa5 (41. Qc5 Rf5 42. Qc8+ Kg7 43. Qc7+ Kh6 $19) 41... Qf5 {[%emt 0:03:35] Strongly threatening ...Qe6.} (41... Rf5 $5 42. Qd8+ $8 Kg7 43. Bxe4 Qxd4 $11) 42. Qe1 Qg5 {[%emt 0:00:17] Prevents Qg3.} 43. Kh2 $1 (43. Bxe4 $2 Re8 44. Qf2 (44. h4 $2 Qd8 $19) 44... Rxe4 45. Qf8+ Bg8 $19) 43... e3 44. Qg3 Qe7 45. Bd3 Rf2 46. Bf1 (46. Rg1 $1 $11 {and White is okay.}) 46... Kg7 $2 (46... Rb2 $19 {...e2 is the strong threat.} 47. Re1 (47. Qe5+ $2 Qxe5+ 48. dxe5 e2 $19) 47... e2 48. Bxe2 Rxe2 49. Rxe2 Qxe2) 47. Re1 $16 {[%emt 0:00:18] And now Qxf2 would win.} Qf6 {[%emt 0:00:01] [#]} (47... Rf5 $16 {is a better defense.} 48. Rxe3 Qd8) 48. Qxe3 $1 $18 Rxf1 (48... Qf4+ 49. Qxf4) 49. Rxf1 Qxf1 50. Qe5+ Qf6 51. Qxd5 {[%emt 0:00:03][%mdl 4096] Endgame KQ-KQ} Qf4+ 52. Kg1 Qe3+ 53. Kh1 $2 (53. Kf1 $1 $18 {Threatens to win with Qe5+.} Qc1+ 54. Kf2) 53... Qc1+ $11 54. Kh2 Qf4+ 55. g3 Qf2+ 56. Qg2 Qxd4 57. Qa2 Qb6 58. a5 Qa6 {[%emt 0:00:04] [#]} 59. h4 (59. Qb2+ $1 $16 Kf7 60. Qe5) 59... h5 60. Qb2+ Kh7 61. Qd2 Qb5 62. Kg2 Qc6+ 63. Kf2 Qc5+ 64. Kf3 Qc6+ 65. Ke3 Qc5+ 66. Ke4 Qe7+ 67. Kf3 Qb7+ 68. Kf2 Qb5 69. Qc3 Qf5+ 70. Ke2 Qe4+ 71. Kd2 Qd5+ 72. Kc1 Qb5 73. Qc7+ Kh6 74. Kc2 Qa4+ 75. Kd3 Qd1+ 76. Ke4 Qe2+ 77. Kd5 Qf3+ 78. Ke6 {[%emt 0:00:20] aiming for Qf4+.} Qb3+ $2 (78... Qf5+ $11 79. Kd6 Qd3+ 80. Ke6 Qf5+ 81. Ke7 Qe4+ 82. Kd6 Qd3+ 83. Ke6 Qf5+) 79. Ke7 ({White must play} 79. Kf6 $18 Qg8 80. Qf4+ Kh7 81. Ke7 Qh8 82. Qf7+ Kh6 83. Qf8+ Qg7+ 84. Qxg7+ Kxg7 85. a6) 79... Qb4+ (79... Qb5 $1 $14 80. Kf8 Qb4+ 81. Kg8 Qb3+ 82. Qf7 Qe6 83. a6 Qc8+ 84. Qf8+ Qxf8+ 85. Kxf8 g5) 80. Kf7 $18 Qb3+ $2 (80... Qb5 81. Kf8 Qf5+ 82. Kg8 Qd5+ 83. Qf7 (83. Kf8 Qa8+ 84. Kf7 Qd5+ 85. Kf8 Qa8+ 86. Kf7 Qd5+ 87. Kf8 $16) 83... Qe6 84. a6 Qc8+ 85. Qf8+ Qxf8+ 86. Kxf8 g5) 81. Kf8 {[%emt 0:00:30][%csl Gf8][%cal Rc7g7] White is clearly winning.} Qb4+ {[%emt 0:00:23] [#]} 82. Kg8 $1 Qb3+ 83. Qf7 Qe6 84. a6 $1 {[%emt 0:00:05] A wild game.  Weighted Error Value: White=0.20 (precise) /Black=0.19 (very precise)} 1-0

[Event "Fall GM-A Norm Invitational 2022"]
[Site "Charlotte"]
[Date "2022.11.21"]
[Round "7"]
[White "Siddharth, Jagadeesh"]
[Black "Tiglon, Bryce"]
[Result "1/2-1/2"]
[ECO "D85"]
[WhiteElo "2407"]
[BlackElo "2475"]
[Annotator "TA"]
[PlyCount "40"]
[EventDate "2022.11.18"]
[EventType "tourn"]
[EventCountry "USA"]
[SourceTitle "playchess.com"]
[Source "ChessBase"]
[SourceQuality "1"]
[TimeControl "5400+30"]

1. d4 Nf6 2. c4 g6 3. Nc3 d5 4. cxd5 Nxd5 5. g3 Bg7 6. Bg2 Nxc3 7. bxc3 c5 8. Nf3 Nc6 9. O-O cxd4 10. Nxd4 Nxd4 11. cxd4 Qxd4 12. Rb1 O-O {[%emt 0:06:58] [#]} {Predecessor:} 13. Be3 $146 {D75: Fianchetto Grünfeld: Main Line with 7...c5.} Qc4 14. Bd5 Qa6 15. Qb3 Qxe2 16. Bc5 Be6 17. Bxe6 Qxe6 18. Qxe6 fxe6 19. Rxb7 Bf6 20. Bxa7 Rfc8 {1-0 (86) Mamedyarov,S (2758)-Vachier Lagrave,M (2757) Saint Louis 2022} 1/2-1/2